AoeStats
← 老魔打帝国

Arabia

508150641Analyzed
1v1 RM · 9d ago on Sep 21, 2026· 28m 18s· 2 players
Game mode
Random Map
Map size
Tiny (2 player)
Population
200
Speed
Normal
Resources
Standard
Victory
Conquest
Starting age
Dark Age
Ending age
Imperial Age
RankedLock teamsTeams togetherTeam positionsShared explorationLock speedFull tech treeHidden civsTurbo modeCheats
Victory
Defeat
🇲🇽 Saracens · Mexico
1176
+15
🇨🇳 Spanish · China
1164
-15
老魔打帝国
7:25 Loom
9:34 Feudal Age
12:46 Fletching
21:41 Padded Archer Armor
22:54 Horse Collar
28:48 Castle Age
OG Bloody2
6:49 Loom
9:28 Feudal Age
12:15 Double-Bit Axe
12:50 Fletching
18:31 Padded Archer Armor
23:35 Castle Age
23:43 Gold Mining
23:53 Crossbowman
24:44 Bodkin Arrow
25:31 Leather Archer Armor
26:59 Ballistics
28:32 Bow Saw
Connection lost

Rejoining the realm…

Still unreachable

The connection could not be restored.

Session expired

The server has moved on; the page needs a fresh start.